 Dungeon Crawl Stone Soup version 0.22-a0-86-g94e0ad4 (webtiles) character file.

37689 wvc the Stickfighter (level 13, -16/127 HPs)
             Began as a Naga Wanderer on Jan 19, 2018.
             Was the Champion of Cheibriados.
             Demolished by a death yak (20 damage)
             ... on level 5 of the Lair of Beasts on Jan 20, 2018.
             The game lasted 00:39:54 (17020 turns).

wvc the Stickfighter (Naga Wanderer)               Turns: 17020, Time: 00:39:55

Health: -16/127    AC: 11    Str: 33    XL:     13   Next: 98%
Magic:  16/16      EV: 18    Int: 31    God:    Cheibriados [******]
Gold:   1226       SH:  5    Dex: 27    Spells: 3/12 levels left

rFire    + . .     SeeInvis +   b - +1 quarterstaff
rCold    + + .     Gourm    .   (shield currently unavailable)
rNeg     . . .     Faith    .   D - +0 troll leather armour
rPois    +         Spirit   .   s - +0 helmet (curse)
rElec    .         Reflect  +   u - scarf {rC+ rF+}
rCorr    .         Harm     .   l - +1 pair of gloves
MR       +....                  (no barding)
Stlth    ++........             h - +5 amulet of reflection
HPRegen  0.71/turn              p - +3 ring of strength
MPRegen  0.15/turn              x - ring of protection from cold

@: very slow
A: large, see invisible, deformed body, poison resistance, slowness 2, slow
metabolism 1, spit poison 1, constrict 1, AC +4
a: Spit Poison, Bend Time, Temporal Distortion, Slouch, Step From Time, Renounce
Religion


You were on level 5 of the Lair of Beasts.
You worshipped Cheibriados.
Cheibriados was exalted by your worship.
You were not hungry.

You visited 3 branches of the dungeon, and saw 17 of its levels.

You collected 1386 gold pieces.
You spent 160 gold pieces at shops.

Inventory:

Hand Weapons
 a - a +0 blowgun
 b - a +1 quarterstaff (weapon)
 g - a +0 spear of flaming
 m - a +0 blowgun
Missiles
 n - 59 poisoned needles
 v - 4 javelins (quivered)
 H - 12 curare-tipped needles
Armour
 l - a +1 pair of gloves (worn)
 s - a cursed +0 helmet (worn)
 u - a scarf of resistance (worn)
 D - a +0 troll leather armour (worn)
 J - a scarf of spirit shield
 N - a scarf of repulsion
Magical Staves
 c - an uncursed staff of poison
Jewellery
 h - a +5 amulet of reflection (around neck)
 p - a +3 ring of strength (left hand)
 x - a ring of protection from cold (right hand)
 F - an uncursed amulet of rage {unknown}
 I - an uncursed amulet of guardian spirit {unknown}
Wands
 k - a wand of enslavement (28)
Scrolls
 e - 8 scrolls of teleportation
 f - 3 scrolls of enchant weapon
 i - 5 scrolls of amnesia
 r - 6 scrolls of remove curse
 t - 2 scrolls of fog
 y - 2 scrolls of enchant armour
 z - 3 scrolls of magic mapping
 A - a scroll of immolation
Potions
 j - a potion of resistance
 o - 2 potions of heal wounds {unknown}
 q - 2 potions of lignification
 w - 3 potions of flight
 B - a potion of mutation {unknown}
 E - a potion of agility {unknown}
 G - 2 potions of degeneration {unknown}
 K - 2 potions of haste {unknown}
 L - a potion of curing
 M - a potion of magic {unknown}
Comestibles
 d - 28 rations


   Skills:
 + Level 11.6 Fighting
   Level 1.0(10.5) Maces & Flails
 - Level 15.5 Staves
 + Level 6.2 Armour
 + Level 8.7 Dodging
 - Level 1.5 Stealth
   Level 1.0 Shields
 + Level 4.5 Invocations


You had 3 spell levels left.
You knew the following spells:

 Your Spells              Type           Power        Failure   Level  Hunger
a - Regeneration          Chrm/Necr      #.........   28%         3    ####...
b - Mephitic Cloud        Conj/Pois/Air  #.......     28%         3    ####...
c - Blink                 Tloc           N/A          14%         2    ###....
d - Apportation           Tloc           #.....       10%         1    ##.....


Dungeon Overview and Level Annotations

Branches:
Dungeon (10/15)            Temple (1/1) D:5            Lair (6/6) D:9
  Swamp (0/4) Lair:3        Snake (0/4) Lair:3        Slime (0/5) Lair:5
    Orc (0/2) D:10

Altars:
Ashenzari
Cheibriados
Dithmenos
Elyvilon
Fedhas
Gozag
Hepliaklqana
Kikubaaqudgha
Makhleb
Nemelex Xobeh
Okawaru
Qazlal
Ru
Sif Muna
Trog
Uskayaw
Vehumet
Wu Jian
Xom
Yredelemnul
Zin
The Shining One
Beogh

Shops:
D:6 [

Annotations:
D:3 Grinder, Terence
D:6 1 runed door


Innate Abilities, Weirdness & Mutations

You cannot wear boots.
Your serpentine skin is tough. (AC +4)
You have supernaturally acute eyesight. (SInv)
Armour fits poorly on your strangely shaped body.
Your system is resistant to poisons. (rPois)
You cover ground very slowly.
You have a slow metabolism.
You can spit poison.
You can use your snake-like lower body to constrict enemies.


Message History

The death yak is moderately wounded.
You hit the death yak but do no damage.
The death yak is moderately wounded.
The death yak gores you!
* * * LOW HITPOINT WARNING * * *
Okay, then.
Okay, then.
Okay, then.
Press: ? - help, v - describe, . - travel
Here: a death yak (moderately wounded)
The floor, spattered with blood.
You barely miss the death yak.
The death yak is moderately wounded.
You hit the death yak.
The death yak is heavily wounded.
The death yak completely misses you.
You thump the death yak!
The death yak is heavily wounded.
The death yak gores you!!
You die...

##...##.P..†.......###
########.##.....#...#
#..####.##.....
##..##.###....##
#......#...#...# ###
##..#.###.##..##
#.######..###.###...##
###....Y......#...#...#
#....†@.......PP..#..##
##.........##.....#....#
#..........#..#.........
##...........#.......P...
#P............P[.........
#................._......
#........................
##.......................
#P..........>......###...


You could see a death yak.

Vanquished Creatures
  Snorg (Lair:4)
  Fannar (Lair:3)
  A hydra (Lair:5)
  A two-headed ogre (D:9)
  6 death yaks
  Urug (Lair:2)
  Nergalle (Lair:4)
  Sonja (Lair:4)
  An unseen horror (D:10)
  2 swamp dragons (Lair:3)
  6 black mambas
  5 komodo dragons
  12 spiny frogs
  12 rime drakes (Lair:3)
  A queen bee (Lair:1)
  A troll (D:10)
  A polar bear (Lair:5)
  The ghost of Paulus the Slasher, an amateur MfMo of Wu Jian (D:4)
  Prince Ribbit (D:8)
  2 slime creatures (Lair:5)
  19 blink frogs
  4 hippogriffs
  3 wyverns
  A wraith (D:10)
  12 yaks
  8 steam dragons
  3 vampire mosquitoes (Lair:5)
  2 basilisks
  7 water moccasins
  An acid dragon (Lair:3)
  A hornet zombie (D:8)
  9 porcupines
  3 ice beasts
  3 orc warriors (D:10)
  A sky beast (D:9)
  A necrophage (D:8)
  2 phantoms
  4 ogres
  14 crocodiles
  4 centaurs
  Blork the orc (D:5)
  2 gnoll sergeants
  17 bullfrogs
  A wyvern skeleton (D:8)
  3 scorpions
  24 killer bees (Lair:1)
  3 wights (D:10)
  6 howler monkeys
  6 crimson imps
  A centaur zombie (D:6)
  A bullfrog zombie (D:6)
  5 hounds
  5 jellies
  A bullfrog skeleton (D:6)
  4 orc priests
  A centaur skeleton (D:9)
  5 iguanas
  4 orc wizards
  Natasha (twice) (D:3)
  5 worker ants
  A hound skeleton (D:5)
  11 gnolls
  3 river rats (D:9)
  13 adders
  2 shadow imps
  An ooze (D:1)
  An adder skeleton (D:8)
  4 worms
  3 dart slugs
  3 leopard geckos
  48 orcs
  A ball python (D:3)
  3 bats
  5 giant cockroaches
  11 goblins
  5 hobgoblins
  4 jackals
  7 quokkas
  6 frilled lizards
  6 kobolds
  2 leopard gecko skeletons
  13 rats
410 creatures vanquished.

Vanquished Creatures (others)
  A centaur (D:8)
  An orc (D:10)
  A kobold (D:3)
  12 fungi
  13 plants
28 creatures vanquished.

Grand Total: 438 creatures vanquished

Notes
Turn   | Place    | Note
-------+----------+-------------------------------------------
     0 | D:1      | wvc the Naga Wanderer began the quest for the Orb.
     0 | D:1      | wvc set off with: a +2 leather armour, a +0 quarterstaff, a +0 ring mail, a ration
     0 | D:1      | Reached XP level 1. HP: 18/18 MP: 1/1
    46 | D:1      | Reached skill level 2 in Staves
    46 | D:1      | Reached XP level 2. HP: 16/25 MP: 2/2
   838 | D:1      | Reached XP level 3. HP: 31/31 MP: 3/3
   872 | D:1      | Reached skill level 3 in Staves
  1072 | D:2      | Noticed an ogre
  1075 | D:2      | Killed an ogre
  1075 | D:2      | Reached skill level 4 in Staves
  1075 | D:2      | Reached XP level 4. HP: 38/38 MP: 4/4
  1075 | D:2      | Reached XP level 5. HP: 44/44 MP: 5/5
  1161 | D:2      | Found a shadowy altar of Dithmenos.
  1584 | D:2      | Reached skill level 5 in Staves
  1934 | D:3      | Noticed Grinder
  2574 | D:3      | Noticed Natasha
  2583 | D:3      | Killed Natasha
  2583 | D:3      | Reached XP level 6. HP: 47/51 MP: 6/6
  2780 | D:3      | Noticed Natasha
  2786 | D:3      | Killed Natasha
  2786 | D:3      | Reached skill level 6 in Staves
  2818 | D:3      | Noticed Terence
  3030 | D:4      | Found a sparkling altar of Nemelex Xobeh.
  3030 | D:4      | Found an opulent altar of Gozag.
  3429 | D:4      | Reached skill level 7 in Staves
  3453 | D:4      | Reached XP level 7. HP: 22/57 MP: 7/7
  3831 | D:4      | Noticed Paulus's ghost (amateur MfMo)
  3847 | D:4      | Killed Paulus's ghost
  3847 | D:4      | Reached skill level 8 in Staves
  4076 | D:5      | Entered Level 5 of the Dungeon
  4200 | D:5      | Found a staircase to the Ecumenical Temple.
  4205 | Temple   | Entered the Ecumenical Temple
  4392 | Temple   | Became a worshipper of Cheibriados the Contemplative
  4425 | D:5      | Noticed Blork the orc
  4437 | D:5      | Killed Blork the orc
  4437 | D:5      | Reached XP level 8. HP: 46/64 MP: 8/8
  4554 | D:5      | Reached skill level 9 in Staves
  4707 | D:5      | Found a sparkling altar of Nemelex Xobeh.
  4924 | D:5      | Reached * piety under Cheibriados
  4959 | D:5      | Reached skill level 10 in Staves
  5247 | D:5      | Noticed a moth of wrath
  5250 | D:5      | Found a bloodstained altar of Trog.
  5378 | D:5      | Learned a level 3 spell: Regeneration
  5633 | D:6      | Found a glowing silver altar of Zin.
  5633 | D:6      | Found a runed door.
  5633 | D:6      | Noticed an angel
  5673 | D:6      | Found Seicsiv's Antique Armour Emporium.
  5706 | D:6      | Bought a runed scarf for 160 gold pieces
  5763 | D:6      | Reached skill level 11 in Staves
  5763 | D:6      | Reached XP level 9. HP: 62/70 MP: 9/9
  5791 | D:6      | Reached ** piety under Cheibriados
  5905 | D:6      | HP: 2/70 [bullfrog (8)]
  6184 | D:6      | Learned a level 3 spell: Mephitic Cloud
  6740 | D:7      | Found a white marble altar of Elyvilon.
  6958 | D:7      | Reached skill level 12 in Staves
  7405 | D:7      | Found a blossoming altar of Fedhas.
  7640 | D:8      | Reached *** piety under Cheibriados
  7948 | D:8      | Noticed Prince Ribbit
  7961 | D:8      | Killed Prince Ribbit
  7961 | D:8      | Reached skill level 13 in Staves
  8303 | D:8      | Reached XP level 10. HP: 47/78 MP: 10/10
  9258 | D:9      | Reached **** piety under Cheibriados
  9347 | D:9      | Found a staircase to the Lair.
  9347 | D:9      | Noticed a death yak
  9351 | D:9      | Noticed a death yak
  9351 | D:9      | Noticed a death yak
  9367 | D:9      | Killed a death yak
  9367 | D:9      | Reached skill level 14 in Staves
  9378 | D:9      | Killed a death yak
  9386 | D:9      | Killed a death yak
  9386 | D:9      | Reached skill level 15 in Staves
 10074 | D:9      | Noticed a two-headed ogre
 10083 | D:9      | Killed a two-headed ogre
 10083 | D:9      | Reached XP level 11. HP: 65/84 MP: 11/11
 10418 | D:10     | Entered Level 10 of the Dungeon
 10475 | D:10     | Noticed an unseen horror
 10500 | D:10     | Killed an unseen horror
 11060 | D:10     | Reached ***** piety under Cheibriados
 11075 | D:10     | Found a roughly hewn altar of Beogh.
 11075 | D:10     | Found a staircase to the Orcish Mines.
 11083 | D:10     | Noticed an orc knight
 11238 | Lair:1   | Entered Level 1 of the Lair of Beasts
 12055 | Lair:1   | Reached skill level 5 in Fighting
 12063 | Lair:1   | Reached skill level 1 in Invocations
 12424 | Lair:2   | Learned a level 2 spell: Blink
 12429 | Lair:2   | Noticed Urug
 12441 | Lair:2   | Killed Urug
 12509 | Lair:2   | Learned a level 1 spell: Apportation
 13276 | Lair:3   | Reached XP level 12. HP: 102/105 MP: 13/13
 13286 | Lair:3   | Found a staircase to the Snake Pit.
 13317 | Lair:3   | Noticed Fannar
 13328 | Lair:3   | Killed Fannar
 13328 | Lair:3   | Reached skill level 5 in Dodging
 13464 | Lair:3   | Found a staircase to the Swamp.
 13615 | Lair:3   | Reached skill level 5 in Armour
 13837 | Lair:3   | Found a transporter.
 13860 | Lair:3   | Found a transporter.
 13862 | Lair:3   | Upgraded the game from 0.22-a0-83-g218e7ff to 0.22-a0-86-g94e0ad4
 13979 | Lair:3   | Reached ****** piety under Cheibriados
 14455 | Lair:3   | Gained mutation: You can use your snake-like lower body to constrict enemies. [Naga growth]
 14455 | Lair:3   | Reached XP level 13. HP: 121/121 MP: 15/15
 14752 | Lair:4   | Noticed Nergalle
 14758 | Lair:4   | Killed Nergalle
 14764 | Lair:4   | Noticed Sonja
 14776 | Lair:4   | Killed Sonja
 15263 | Lair:4   | Noticed Snorg
 15276 | Lair:4   | Killed Snorg
 15276 | Lair:4   | Reached skill level 10 in Fighting
 15524 | Lair:5   | Found an ornate altar of the Wu Jian Council.
 16054 | Lair:5   | Found a staircase to the Slime Pits.
 16388 | Lair:6   | Entered Level 6 of the Lair of Beasts
 17017 | Lair:5   | HP: 2/127 [death yak (11)]
 17020 | Lair:5   | Demolished by a death yak

Vault maps used:
D:1:      minmay_arrival_diagonal_passages
D:2:      nicolae_dithmenos_shadow_blocks, first_ration
D:3:      uniq_natasha, uniq_grinder, uniq_terence
D:4:      grunt_temple_overflow_opulence
D:5:      tgw_trog, minmay_temple_entry_glassed_door,
          nemelex_spade_bored_becter, uniq_blork_the_orc
D:6:      serial_shops, nicolae_shop_crystal, lemuel_angel_altar
D:7:      elyvilon_altar_4, kennysheep_little_box
D:8:      enter_bailey_1, uniq_prince_ribbit1
D:9:      dpeg_lair_monsters
D:10:     kennysheep_six_static_rooms, david_orc_5, hangedman_ranch
Temple:   eino_temple_scatter_basement
Lair:1:   special_room
Lair:2:   serial_bayou_pond_a, uniq_urug
Lair:3:   gammafunk_cloud_chamber, swamp_mist, dummy_snake_entry,
          bobbens_dragon_lair_wall, serial_bayou_shore_a, uniq_fannar
Lair:4:   uniq_sonja, uniq_nergalle, uniq_snorg
Lair:5:   minmay_slime_entry_pillars, basic_altar, beast_lair_carwin_10
Lair:6:   minmay_lair_end_frog_pond

Skill      XL: |  1  2  3  4  5  6  7  8  9 10 11 12 13 |
---------------+----------------------------------------+-----
Staves         | 2 4 5 7 8 11 13 15 | 15.5
Armour         | 4 5 6 |  6.2
Fighting       | 6 9 11 | 11.6
Dodging        | 4 6 8 |  8.7
Invocations    | 2 3 4 |  4.5
Maces & Flails | |  1.0
Stealth        | |  1.5
Shields        | |  1.0

Action                   |  1- 3 |  4- 6 |  7- 9 | 10-12 | 13-15 || total
-------------------------+-------+-------+-------+-------+-------++-------
Melee: Quarterstaff      |    76 |   173 |   437 |   647 |   308 ||  1641
       Constrict         |       |       |       |       |    61 ||    61
Throw: Throwing net      |       |       |     1 |       |       ||     1
       Tomahawk          |       |       |       |     6 |       ||     6
       Javelin           |       |       |       |     4 |     4 ||     8
 Cast: Mephitic Cloud    |       |       |       |     1 |       ||     1
       Regeneration      |       |       |       |     3 |     1 ||     4
Invok: Slouch            |       |       |       |     5 |     1 ||     6
       Bend Time         |       |       |       |     1 |       ||     1
 Abil: Spit Poison       |     1 |    14 |    21 |    21 |     2 ||    59
Evoke: Wand              |       |       |       |       |     1 ||     1
  Use: Scroll            |     1 |     8 |    10 |     8 |     1 ||    28
       Potion            |       |     1 |     5 |     8 |     1 ||    15
 Stab: Sleeping          |     1 |     3 |     3 |     6 |     3 ||    16
       Distracted        |       |       |     1 |       |       ||     1
       Held in net/web   |       |       |     1 |       |       ||     1
       Invisible         |       |       |       |     2 |       ||     2
  Eat: Chunk             |       |     4 |     5 |     1 |     1 ||    11
       Ration            |       |     1 |     2 |     5 |     1 ||     9
Armor: Leather armour    |    28 |    49 |   141 |    42 |       ||   260
       Troll leather arm |       |       |       |   110 |    50 ||   160
       Skin              |       |       |       |    51 |       ||    51
Dodge: Dodged            |    37 |    79 |   135 |   284 |   212 ||   747
Block: Other             |       |    20 |    79 |   134 |    64 ||   297
       Reflection        |       |     2 |     7 |     4 |       ||    13

Table legend:
 A = Spawn XP
 B = Non-spawn XP
 C = Spawn XP percentage of total XP
 D = Spawn monster count
 E = Non-spawn monster count
 F = Spawn count percentage of total count
 G = Total turns spent on level
                    A         B        C        D         E        F      G
               +---------+---------+-------+---------+---------+-------+---------
         Total |       0 |   53842 |   0.0 |       0 |     411 |   0.0 | 17020
               +---------+---------+-------+---------+---------+-------+---------
           D:1 |       0 |      49 |   0.0 |       0 |      25 |   0.0 |  1072
           D:2 |       0 |     163 |   0.0 |       0 |      20 |   0.0 |   725
           D:3 |       0 |     180 |   0.0 |       0 |      24 |   0.0 |  1151
           D:4 |       0 |     739 |   0.0 |       0 |      20 |   0.0 |  1128
           D:5 |       0 |     909 |   0.0 |       0 |      28 |   0.0 |  1347
           D:6 |       0 |     950 |   0.0 |       0 |      23 |   0.0 |  1108
           D:7 |       0 |     590 |   0.0 |       0 |      12 |   0.0 |   700
           D:8 |       0 |    1310 |   0.0 |       0 |      25 |   0.0 |  1425
           D:9 |       0 |    5047 |   0.0 |       0 |      33 |   0.0 |  1614
          D:10 |       0 |    2514 |   0.0 |       0 |      36 |   0.0 |   767
        Lair:1 |       0 |    3426 |   0.0 |       0 |      34 |   0.0 |  1031
        Lair:2 |       0 |    2389 |   0.0 |       0 |       8 |   0.0 |   951
        Lair:3 |       0 |   13778 |   0.0 |       0 |      47 |   0.0 |  1521
        Lair:4 |       0 |    7964 |   0.0 |       0 |      28 |   0.0 |   778
        Lair:5 |       0 |   12600 |   0.0 |       0 |      42 |   0.0 |  1446
        Lair:6 |       0 |    1234 |   0.0 |       0 |       6 |   0.0 |    55
               +---------+---------+-------+---------+---------+-------+---------
